 Dungeon Crawl Stone Soup version 0.30-a0-728-gc68057be0a (webtiles) character file.

Game seed: 15774862786018536747

83 Gynju the Slasher (level 4, -2/35 HPs)
             Began as a Human Cinder Acolyte on Dec 11, 2021.
             Was a High Priest of Ignis.
             Slain by an orc
             ... wielding a +0 dagger
              (4 damage)
             ... on level 2 of the Dungeon on Jan 31, 2023.
             The game lasted 00:04:58 (2093 turns).

Gynju the Slasher (Human Cinder Acolyte)            Turns: 2093, Time: 00:04:59

Health: -2/35      AC:  4    Str: 17    XL:     4   Next: 71%
Magic:  6/6        EV: 11    Int: 14    God:    Ignis [*****.]
Gold:   128        SH:  0    Dex:  8    Spells: 4/6 levels left

rFire   + . .      SeeInvis .    a - -1 falchion (flame)
rCold   . . .      Faith    .    (no shield)
rNeg    . . .      Spirit   .    b - +0 robe
rPois   .          Reflect  .    (no helmet)
rElec   .          Harm     .    f - +0 cloak
rCorr   .          Rampage  .    (no gloves)
Will    .....                    o - +0 pair of boots
Stlth   +                        (no amulet)
HPRegen 0.25/turn                (no ring)
MPRegen 0.10/turn                (no ring)

@: no status effects
A: no striking features
a: Renounce Religion, Fiery Armour, Foxfire Swarm, Rising Flame


You were on level 2 of the Dungeon.
You worshipped Ignis.
Ignis was extremely pleased with you.
You visited 1 branch of the dungeon, and saw 3 of its levels.

You collected 128 gold pieces.

Inventory:

Hand Weapons
 a - a -1 falchion of flaming (weapon)
Missiles
 g - 5 javelins (quivered)
 h - 19 poisoned darts
Armour
 b - a +0 robe (worn)
 f - a +0 cloak (worn)
 o - a +0 pair of boots (worn)
Jewellery
 n - a ring of flight
Wands
 j - a wand of flame (27)
Scrolls
 c - a scroll of magic mapping {unknown}
 i - a scroll of acquirement {unknown}
 k - 2 scrolls of noise {unknown}
 l - a scroll of vulnerability {unknown}
Potions
 d - 2 potions of brilliance {unknown}
 e - a potion of invisibility {unknown}
 m - a potion of curing {unknown}


   Skills:
 - Level 3.4 Fighting
 * Level 3.9 Long Blades
 + Level 1.0 Dodging
 - Level 1.6 Spellcasting
 - Level 3.4 Fire Magic


You had 4 spell levels left.
You knew the following spells:

 Your Spells              Type           Power      Damage    Failure   Level
a - Scorch                Fire           20%        2d6       9%          2

Your spell library contained the following spells:

 Spells                   Type           Power      Damage    Failure   Level
 Blink                    Tloc           2%         N/A       36%         2
 Cigotuvi's Dreadful Rot  Necr/Pois/Air  2%         N/A       36%         2
 Dispel Undead            Necr           1%         3d6       94%         4
 Manifold Assault         Tloc           1%         N/A       94%         4
 Death Channel            Necr           0%         N/A       100%        6
 Storm Form               Tmut/Air       0%         N/A       100%        7


Dungeon Overview and Level Annotations

Branches:
Dungeon (3/15)

Altars:

Shops:
D:1 ?


Message History

You hit Jessica. You burn Jessica.
Jessica is moderately wounded.
Jessica closely misses you. The orc barely misses you.
You barely miss Jessica.
Jessica is moderately wounded.
The orc closely misses you. Jessica barely misses you.
You hit Jessica. You burn Jessica.
Jessica is almost dead.
Jessica casts a spell at you. Pain shoots through your body!
The orc barely misses you.
You barely miss Jessica.
Jessica is almost dead.
Jessica closely misses you. The orc hits you but does no damage.
You hit Jessica but do no damage.
Jessica is almost dead.
Jessica shouts, "You're disturbing me!
I'll have to kill you!" Jessica hits you but does no damage.
The orc hits you but does no damage.
You closely miss Jessica.
Jessica is almost dead.
Jessica hits you with a +0 club.
* * * LOW HITPOINT WARNING * * *
The orc hits you but does no damage.
You closely miss Jessica.
Jessica is almost dead.
Jessica casts a spell at you. Pain shoots through your body!
* * * LOW HITPOINT WARNING * * *
The orc hits you with a +0 dagger.
* * * LOW HITPOINT WARNING * * *
The orc hits you with a +0 dagger.
* * * LOW HITPOINT WARNING * * *
Jessica hits you with a +0 club.
* * * LOW HITPOINT WARNING * * *
You hit Jessica. You burn Jessica.
You kill Jessica!
The orc hits you with a +0 dagger.
* * * LOW HITPOINT WARNING * * *
Your Dodging skill increases to level 1!
You closely miss the orc. The orc hits you with a +0 dagger.
You die...

######..#.#P.PP.PP.##..#......#.#
# ##.#.#P#....P###..#.##.....# #
###.###########.......#.#.# ###
#...# #..##.#....#..#.### ..#
##..#####.....#########.... ###
##...........#..........##
#######.....#.########.#
##....#.########.#
#@)..#.#........#
#.o....#.######## #..(####.# ###
#.### #.# #.. #.# #.#######.# #.#
#.#.....#.# #.######.#.###†#.#
#........#...#.#.#
##########.#.#.#.#


You could see an orc.

Vanquished Creatures
  Jessica (D:2)
  2 adders (D:2)
  A dart slug (D:2)
  3 bats
  2 endoplasms (D:2)
  4 giant cockroaches
  3 goblins
  3 hobgoblins
  2 jackals (D:1)
  3 quokkas (D:1)
  6 ball pythons
  4 frilled lizards
  A kobold (D:1)
  A rat (D:2)
36 creatures vanquished.

Notes
Turn   | Place    | Note
-------+----------+-------------------------------------------
     0 | D:1      | Gynju the Human Cinder Acolyte began the quest for the Orb.
     0 | D:1      | Reached XP level 1. HP: 18/18 MP: 2/2
    32 | D:1      | Upgraded the game from 0.28-a0-1114-g8eb0198dcf to
                  | 0.30-a0-728-gc68057be0a
    49 | D:1      | Found Merch's Magic Scroll Shop.
   286 | D:1      | Reached XP level 2. HP: 24/24 MP: 3/3
   773 | D:1      | Found a faded altar of an unknown god.
  1055 | D:2      | Reached XP level 3. HP: 29/29 MP: 5/5
  1342 | D:2      | Learned a level 2 spell: Scorch
  1602 | D:2      | Reached XP level 4. HP: 35/35 MP: 6/6
  2079 | D:3      | Noticed Jessica
  2092 | D:2      | Killed Jessica
  2093 | D:2      | Reached skill level 1 in Dodging
  2093 | D:2      | Slain by an orc

Illustrated notes

Levels and vault maps discovered:
D:1:      nicolae_arrival_somewhat_less_tricky_arrival, layout_loops_ring,
          chequers_ecumenical_altar_simple, serial_shops, shop,
          minmay_misc_feat_room
D:2:      layout_basic, serial_aquarium, aquarium_bridge_long_joined
          [aquarium_subvault_wall, aquarium_subvault_balcony,
          aquarium_subvault_bridge, aquarium_subvault_bridge,
          aquarium_subvault_wall, aquarium_subvault_wall],
          aquarium_bridge_square [aquarium_subvault_bridge,
          aquarium_subvault_wall, aquarium_subvault_bridge,
          aquarium_subvault_bridge], aquarium_window_fake, aquarium_window_fake,
          aquarium_window_1, aquarium_view_2f, aquarium_view_2b,
          minmay_diced_spiral
D:3:      layout_loops_corners, lemuel_tele_altar, ebering_ghost_sewer_d,
          uniq_grinder, uniq_robin, uniq_jessica

Skill      XL: |  1  2  3  4 |
---------------+-------------+-----
Dodging        | 1 |  1.0
Fighting       | |  3.4
Long Blades    | |  3.9
Spellcasting   | |  1.6
Fire Magic     | |  3.4

Action                     |  1- 3 |  4- 6 || total
---------------------------+-------+-------++-------
  Melee: Falchion          |    98 |    23 ||   121
         Punch             |     1 |       ||     1
   Stab: Sleeping          |     1 |       ||     1
 Armour: Robe              |    34 |     8 ||    42
  Dodge: Dodged            |    70 |    22 ||    92

Table legend: (Time is in decaauts)
 A = Elapsed time spent in this place.
 B = Non-inter-level travel time spent in this place.
 C = Inter-level travel time spent in this place.
 D = Time resting spent in this place.
 E = Time spent auto-exploring this place.
 F = Levels seen in this place.
 G = Mean time per level.
                   A        B        C        D        E       F      G
               +--------+--------+--------+--------+--------+-----+--------+
         Total |   2109 |   1907 |    202 |      0 |   1578 |   3 |  703.0 |
       Dungeon |   2109 |   1907 |    202 |      0 |   1578 |   3 |  703.0 |
               +--------+--------+--------+--------+--------+-----+--------+

Top non-repeatable levels by time:
     D:1: 1059 daAuts
     D:2: 1046 daAuts
     D:3: 3 daAuts
